 Dungeon Crawl Stone Soup version 0.31-a0-986-g5e6e4ef867 (webtiles) character file.

Game seed: 15797749992868727754

65 pokeman the Magician (level 3, -2/20 HPs)
             Began as a Deep Elf Hedge Wizard on Nov 24, 2023.
             Slain by a goblin
             ... wielding a +0 club
              (4 damage)
             ... on level 2 of the Dungeon.
             The game lasted 00:02:29 (2068 turns).

pokeman the Magician (Deep Elf Hedge Wizard)        Turns: 2068, Time: 00:02:30

Health: -2/20      AC:  2    Str:  7    XL:     3   Next: 94%
Magic:  8/11       EV: 12    Int: 20    God:
Gold:   52         SH:  0    Dex: 14    Spells: 4/12 levels left

rFire   . . .        o - +1 short sword (freeze)
rCold   . . .        (no shield)
rNeg    + . .        b - +0 robe
rPois   .            c - +0 hat
rElec   .            (no cloak)
rCorr   .            (no gloves)
SInv    .            (no boots)
Will    .....        (no amulet)
Stlth   ++           f - ring of positive energy
HPRegen 0.23/turn    (no ring)
MPRegen 0.12/turn

%: no passive effects
@: no status effects
A: no striking features
a: no special abilities


You were on level 2 of the Dungeon.
You visited 1 branch of the dungeon, and saw 2 of its levels.

You collected 52 gold pieces.

Inventory:

Hand Weapons
 o - a +1 short sword of freezing (weapon)
Armour
 b - a +0 robe (worn)
 c - a +0 hat (worn)
Jewellery
 f - a ring of positive energy (left hand)
Scrolls
 a - a scroll of teleportation {unknown}
 g - 2 scrolls of identify {unknown}
 i - a scroll of amnesia {unknown}
 j - a scroll of torment {unknown}
 k - a scroll of fear {unknown}
 m - a scroll of enchant armour {unknown}
Potions
 d - a potion of magic
 e - a potion of haste {unknown}
 h - a potion of attraction {unknown}
 l - 2 potions of heal wounds {unknown}
 n - a potion of cancellation {unknown}


   Skills:
 - Level 1.0 Fighting
 - Level 1.0 Armour
 + Level 2.5 Dodging
 + Level 2.4 Stealth
 * Level 5.4 Spellcasting
 + Level 2.1 Conjurations
 - Level 1.1 Summonings
 - Level 1.1 Translocations


You had 4 spell levels left.
You knew the following spells:

 Your Spells              Type           Power      Damage    Failure   Level
a - Magic Dart            Conj           56%        1d5       4%          1
b - Mephitic Cloud        Conj/Pois/Air  8%         N/A       26%         3
c - Call Imp              Summ           18%        N/A       11%         2
d - Blink                 Tloc           18%        N/A       11%         2

Your spell library contained the following spells:

 Spells                   Type           Power      Damage    Failure   Level
 Slow                     Hex            20%        N/A       11%         1
 Static Discharge         Conj/Air       18%        3-4/arc   11%         2
 Cigotuvi's Dreadful Rot  Necr/Pois/Air  10%        N/A       17%         2
 Summon Lightning Spire   Summ/Air       7%         N/A       65%         4
 Airstrike                Air            2%         2d(1-17)  73%         4


Dungeon Overview and Level Annotations

Branches:
Dungeon (2/15)

Altars:


Message History

You barely miss the goblin. The goblin hits you but does no damage.
You miss the goblin. The goblin closely misses you.
You barely miss the goblin. The goblin completely misses you.
You completely miss the goblin. The goblin hits you with a +0 dagger.
You hit the goblin. You freeze the goblin.
You kill the goblin!
You hit the hobgoblin. You freeze the hobgoblin.
The hobgoblin is almost dead.
The hobgoblin barely misses you.
You closely miss the hobgoblin.
The hobgoblin is almost dead.
The hobgoblin hits you.
You closely miss the hobgoblin.
The hobgoblin is almost dead.
The hobgoblin misses you.
You hit the hobgoblin but do no damage.
The hobgoblin is almost dead.
The hobgoblin barely misses you.
You hit the hobgoblin. You freeze the hobgoblin.
You kill the hobgoblin!
You barely miss the hobgoblin. The hobgoblin hits you.
You hit the hobgoblin. You freeze the hobgoblin.
The hobgoblin is almost dead.
The hobgoblin hits you.
You hit the hobgoblin but do no damage.
The hobgoblin is almost dead.
The hobgoblin hits you.
* * * LOW HITPOINT WARNING * * *
You hit the hobgoblin. You freeze the hobgoblin.
You kill the hobgoblin!
Casting: Magic Dart (safe; 4% risk of failure)
Confirm with . or Enter, or press ? or * to list all spells.
A tiny devil pulls itself out of the air.
The goblin hits you with a +0 club.
* * * LOW HITPOINT WARNING * * *
Unknown command.
You hit the goblin. You freeze the goblin.
The goblin is heavily wounded.
The goblin hits you with a +0 club.
You die...

........# #.#
........##### #.#
........#..... #.#
..........# #.. #.#
.........# #.## #.#
....##...# ...## ##.#
....#..####+ ###..#
#..# ....#.##
#...#.##.###.##
....#.# +...'gg@5....#
....#.##
#...#g##.#..##
..†.#..####' ###..##.#
##.)##...#g #...###.#
#÷...÷...## ##.##....#
#....)....###..#..####
#..)..#.......##.##
....###........>.#
....# ##......#######


You could see 3 goblins and a friendly cerulean imp (summoned).

Vanquished Creatures
  2 adders (D:2)
  A dart slug (D:2)
  6 ball pythons
  5 bats
  2 endoplasms
  2 goblins (D:2)
  7 hobgoblins
  4 jackals (D:1)
  8 kobolds
  A frilled lizard (D:1)
  5 rats
43 creatures vanquished.

Notes
Turn   | Place    | Note
-------+----------+-------------------------------------------
     0 | D:1      | pokeman the Deep Elf Hedge Wizard began the quest for the
                  | Orb.
     0 | D:1      | Reached XP level 1. HP: 10/10 MP: 7/7
   529 | D:1      | Reached XP level 2. HP: 15/15 MP: 3/9
  1321 | D:2      | Reached skill level 5 in Spellcasting
  1406 | D:2      | Reached XP level 3. HP: 20/20 MP: 3/11
  1470 | D:2      | Identified the +0 chain mail "Goemukk" {Dex+3 Slay+2
                  | Stlth+}
  1592 | D:2      | Learned a level 3 spell: Mephitic Cloud
  1595 | D:2      | Learned a level 2 spell: Call Imp
  1598 | D:2      | Learned a level 2 spell: Blink
  1761 | D:2      | Reached skill level 1 in Armour
  1955 | D:2      | Reached skill level 1 in Fighting
  2068 | D:2      | Slain by a goblin

Illustrated notes

Levels and vault maps discovered:
D:1:      scummos_arrival_forest, layout_loops_corners, kennysheep_flooded_box
D:2:      cheibrodos_greedy_goblins, layout_basic

Skill      XL: |  1  2  3 |
---------------+----------+-----
Spellcasting   | 5 |  5.4
Armour         | 1 |  1.0
Conjurations   | 2 |  2.1
Fighting       | 1 |  1.0
Dodging        | |  2.5
Stealth        | |  2.4
Summonings     | |  1.1
Translocations | |  1.1

Action                     || total
---------------------------++-------
  Melee: Dagger            ||    12
         Short sword       ||    18
   Cast: Magic Dart        ||    99
         Call Imp          ||     1
 Armour: Robe              ||    32
  Dodge: Dodged            ||    37

Table legend: (Time is in decaauts)
 A = Elapsed time spent in this place.
 B = Non-inter-level travel time spent in this place.
 C = Inter-level travel time spent in this place.
 D = Time resting spent in this place.
 E = Time spent auto-exploring this place.
 F = Levels seen in this place.
 G = Mean time per level.
                   A        B        C        D        E       F      G
               +--------+--------+--------+--------+--------+-----+--------+
         Total |   2066 |   2042 |     24 |      0 |   1811 |   2 | 1033.0 |
       Dungeon |   2066 |   2042 |     24 |      0 |   1811 |   2 | 1033.0 |
               +--------+--------+--------+--------+--------+-----+--------+

Top non-repeatable levels by time:
     D:1: 1318 daAuts
     D:2: 747 daAuts
